 Dungeon Crawl Stone Soup version 0.21-a0-521-g1cd18d1 (webtiles) character file.

100 Spazmo the Conjurer (level 4, -2/24 HPs)
             Began as a Deep Elf Conjurer on Dec 5, 2017.
             Slain by an orc
             ... wielding a +0 flail
              (10 damage)
             ... on level 2 of the Dungeon.
             The game lasted 00:03:22 (1787 turns).

Spazmo the Conjurer (Deep Elf Conjurer)             Turns: 1787, Time: 00:03:23

Health: -2/24      AC:  2    Str:  5    XL:     4   Next: 46%
Magic:  9/12       EV: 13    Int: 21    God:
Gold:   40         SH:  0    Dex: 15    Spells: 1/12 levels left

rFire    . . .     SeeInvis .   i - +1 short sword
rCold    . . .     Gourm    .   (no shield)
rNeg     . . .     Faith    .   a - +0 robe
rPois    .         Spirit   .   (no helmet)
rElec    .         Reflect  .   (no cloak)
rCorr    .         Harm     .   (no gloves)
MR       .....                  (no boots)
Stlth    ++........             (no amulet)
HPRegen  0.08/turn              (no ring)
MPRegen  0.13/turn              (no ring)

@: drained
A: no striking features
a: no special abilities


You were on level 2 of the Dungeon.
You were hungry.

You visited 1 branch of the dungeon, and saw 3 of its levels.

You collected 40 gold pieces.

Inventory:

Hand Weapons
 i - a +1 short sword (weapon)
Missiles
 e - 78 stones (quivered)
Armour
 a - a +0 robe (worn)
Jewellery
 s - an uncursed amulet of faith {unknown}
Scrolls
 g - a scroll of teleportation
 m - 3 scrolls of blinking
Potions
 f - a potion of degeneration {unknown}
 k - a potion of cancellation {unknown}
 l - a potion of heal wounds {unknown}
 q - a potion of curing {unknown}
Books
 b - a book of Conjurations

   Spells                             Type                      Level
   a - Magic Dart                     Conjuration                  1
   b - Searing Ray                    Conjuration                  2
   c - Dazzling Spray                 Conjuration/Hexes            3
   d - Fulminant Prism                Conjuration/Hexes            4
   e - Force Lance                    Conjuration/Translocation    4
   f - Iskenderun's Mystic Blast      Conjuration                  4
 p - a book of Maledictions

   Spells                             Type                      Level
   a - Corona                         Hexes                        1
   b - Ensorcelled Hibernation        Hexes/Ice                    2
   c - Confuse                        Hexes                        3
   d - Tukima's Dance                 Hexes                        3
   e - Dazzling Spray                 Conjuration/Hexes            3
Comestibles
 c - 4 bread rations
 d - a royal jelly
 h - 2 meat rations
 n - 2 fruits


   Skills:
 - Level 3.0(2.4) Dodging
 - Level 3.1(2.5) Stealth
 + Level 4.6(4.1) Spellcasting
 + Level 5.3(4.8) Conjurations


You had one spell level left.
You knew the following spells:

 Your Spells              Type           Power        Failure   Level  Hunger
a - Magic Dart            Conj           ###.         1%          1    None
b - Searing Ray           Conj           ###...       2%          2    #......
c - Force Lance           Conj/Tloc      ##......     41%         4    ####...
d - Iskenderun's Mystic   Conj           ###.....     16%         4    ####...


Dungeon Overview and Level Annotations

Branches:
Dungeon (3/15)

Altars:
Elyvilon
Hepliaklqana


Message History

The orc hits you with a hand axe of draining.
You feel drained.
Casting: Magic Dart
Confirm with . or Enter, or press ? or * to list all spells.
Aiming: Magic Dart
Press: ? - help, Shift-Dir - straight line, f/p - orc
Aim: an orc, wielding a hand axe of draining (almost dead)
The magic dart hits the orc.
You kill the orc!
The rat bites you. The orc hits you with a flail.
Casting: Magic Dart
Confirm with . or Enter, or press ? or * to list all spells.
Aiming: Magic Dart
Press: ? - help, Shift-Dir - straight line, f - rat
Aim: a rat The magic dart hits the rat.
You kill the rat!
You are feeling hungry.
The orc hits you with a flail!
You die...

#.##.#.............#≈..♣..≈#.#
#.##.######..####............#
#.##.#...............♣._.♣...#
#.##.#......................##
#.##.#..###..###...#≈..♣..≈##
#.##...÷..........##≈≈...≈≈#
###.##....###..#.###.###...###
...............<.# #......##.#
######.#..######@###.#######.#
# #....# #o...## #.# # #..#.#
#.#.## #.# # #....######.#.#
#######.# #
#.......<.....###.......####
###
#...###.##.###.##.####.##...
..# #...# #.#.## ##.#.#
#.#..#. #.#
#...###..#######..####..#..#
..#
#................#..####.#..


You could see an orc.

Vanquished Creatures
  4 adders (D:2)
  An ooze (D:1)
  A worm (D:2)
  A leopard gecko (D:2)
  An orc (D:2)
  3 ball pythons
  2 bats (D:3)
  A giant cockroach (D:1)
  8 goblins
  9 hobgoblins
  3 quokkas
  2 frilled lizards
  8 kobolds
  5 rats
49 creatures vanquished.

Notes
Turn   | Place    | Note
-------+----------+-------------------------------------------
     0 | D:1      | Spazmo the Deep Elf Conjurer began the quest for the Orb.
     0 | D:1      | Reached XP level 1. HP: 10/10 MP: 6/6
   160 | D:1      | Reached XP level 2. HP: 14/15 MP: 2/8
   164 | D:1      | Learned a level 2 spell: Searing Ray
   556 | D:1      | Reached XP level 3. HP: 19/19 MP: 7/10
  1063 | D:2      | Found a white marble altar of Elyvilon.
  1073 | D:2      | Reached skill level 5 in Conjurations
  1200 | D:2      | Reached XP level 4. HP: 24/24 MP: 10/12
  1206 | D:2      | Learned a level 4 spell: Force Lance
  1211 | D:2      | Learned a level 4 spell: Iskenderun's Mystic Blast
  1492 | D:2      | Found a hazy altar of Hepliaklqana.
  1787 | D:2      | Slain by an orc

Vault maps used:
D:1:      giann_forest_graveyard
D:2:      marbit_many_paths, first_bread, elyvilon_altar_4
D:3:      old_standard_altar, uniq_ijyb

Skill      XL: |  1  2  3 |
---------------+----------+-----
Stealth        | 3 |  3.1
Dodging        | 3 |  3.0
Spellcasting   | 4 |  4.6
Conjurations   | 5 |  5.3

Action                   |  1- 3 |  4- 6 || total
-------------------------+-------+-------++-------
Melee: Dagger            |     3 |       ||     3
 Cast: Magic Dart        |    68 |    27 ||    95
       Searing Ray       |     1 |       ||     1
  Use: Scroll            |     2 |     2 ||     4
  Eat: Chunk             |     1 |     1 ||     2
Armor: Robe              |     1 |       ||     1
Dodge: Dodged            |     6 |     8 ||    14

Table legend:
 A = Spawn XP
 B = Non-spawn XP
 C = Spawn XP percentage of total XP
 D = Spawn monster count
 E = Non-spawn monster count
 F = Spawn count percentage of total count
 G = Total turns spent on level
                    A         B        C        D         E        F      G
               +---------+---------+-------+---------+---------+-------+---------
         Total |       0 |     143 |   0.0 |       0 |      49 |   0.0 |  1787
               +---------+---------+-------+---------+---------+-------+---------
           D:1 |       0 |      47 |   0.0 |       0 |      24 |   0.0 |   864
           D:2 |       0 |      87 |   0.0 |       0 |      19 |   0.0 |   866
           D:3 |       0 |       9 |   0.0 |       0 |       6 |   0.0 |    57
               +---------+---------+-------+---------+---------+-------+---------
